 Dungeon Crawl Stone Soup version 0.29-a0-474-gdfe5cd140f (webtiles) character file.

Game seed: 12363116803533161769

55 petercordia7 the Sneak (level 3, -5/28 HPs)
             Began as a Mummy Brigand on May 24, 2022.
             Slain by a gnoll
             ... wielding a +0 club
              (6 damage)
             ... on level 2 of the Dungeon.
             The game lasted 00:03:26 (1756 turns).

petercordia7 the Sneak (Mummy Brigand)              Turns: 1756, Time: 00:03:27

Health: -5/28      AC:  3    Str: 14    XL:     3   Next: 67%
Magic:  3/3        EV: 12    Int: 10    God:
Gold:   87         SH:  0    Dex: 15    Spells: 2/2 levels left

rFire   x . .      SeeInvis .   a - +2 dagger
rCold   + . .      Faith    .   (no shield)
rNeg    + + +      Spirit   .   b - +0 robe
rPois   ∞          Reflect  .   (no helmet)
rElec   .          Harm     .   c - +0 cloak
rCorr   .          Rampage  .   (no gloves)
Will    .....                   (no boots)
Stlth   ++........              (no amulet)
HPRegen 0.09/turn               (no ring)
MPRegen 0.08/turn               (no ring)

@: no status effects
A: cold resistance 1, negative energy resistance 3, torment resistance 2, heat
vulnerability 1, in touch with death 1, no potions
a: no special abilities


You were on level 2 of the Dungeon.
You visited 1 branch of the dungeon, and saw 2 of its levels.

You collected 87 gold pieces.

Inventory:

Hand Weapons
 a - a +2 dagger (weapon)
Missiles
 d - 8 poisoned darts
 f - 2 atropa-tipped darts (quivered)
 k - 19 stones
Armour
 b - a +0 robe (worn)
 c - a +0 cloak (worn)
Scrolls
 g - a scroll of teleportation {unknown}
 h - a scroll of enchant weapon {unknown}
 i - a scroll of acquirement {unknown}
 j - a scroll of identify {unknown}
 l - a scroll of immolation {unknown}


   Skills:
 * Level 2.5 Fighting
 * Level 2.3 Short Blades
 * Level 2.0 Throwing
 * Level 1.4 Dodging
 - Level 3.2 Stealth


You had 2 spell levels left.
You didn't know any spells.
Your spell library was empty.

Dungeon Overview and Level Annotations

Branches:
Dungeon (2/15)

Altars:


Innate Abilities, Weirdness & Mutations

You are immune to poison.
Your flesh is cold resistant. (rC+)
You are immune to negative energy. (rN+++)
You are immune to unholy pain and torment.
You are vulnerable to heat. (rF-)
You are in touch with the powers of death.
You do not drink.


Message History

Aim: a gnoll, wielding a +0 club (moderately wounded, 64% to hit)
You throw a curare-tipped dart. The curare-tipped dart hits the gnoll.
The gnoll is poisoned.
The gnoll convulses.
The gnoll seems to slow down.
The gnoll is almost dead.
You kill the gnoll!
Unknown command.
Throw: 2 darts (curare)
Press: ? - help, Q - select action, (/) - cycle Shift-Dir - straight line, f - gnoll
Aim: a gnoll, wielding a +0 club (64% to hit)
You throw a curare-tipped dart.
The curare-tipped dart barely misses the gnoll.
The gnoll barely misses you.
Unknown command.
Throw: dart (curare)
Press: ? - help, Q - select action, (/) - cycle Shift-Dir - straight line, f - gnoll, p - gnoll
Aim: a gnoll, wielding a +0 whip (64% to hit)
You throw a curare-tipped dart.
The curare-tipped dart closely misses the gnoll.
The curare-tipped dart hits the gnoll.
The gnoll is poisoned.
The gnoll convulses.
The gnoll seems to slow down.
The gnoll is heavily wounded.
The gnoll barely misses you.
Unknown command.
Throw: 9 darts (poison)
Press: ? - help, Q - select action, (/) - cycle Shift-Dir - straight line, f/p - gnoll
Aim: a gnoll, wielding a +0 whip (severely wounded, very poisoned, slow, 64% to hit)
You throw a poisoned dart. The poisoned dart hits the gnoll.
The gnoll is poisoned.
The gnoll barely misses you.
Unknown command.
Throw: 3 darts (atropa)
Press: ? - help, Q - select action, (/) - cycle Shift-Dir - straight line, f - gnoll, p - gnoll
Aim: a gnoll, wielding a +0 club (lightly wounded, poisoned, 64% to hit, chance to blind on hit: 100%)
You throw an atropa-tipped dart. The atropa-tipped dart hits the gnoll.
The gnoll appears confused.
The gnoll is lightly wounded.
The gnoll hits you with a +0 club.
You die...

#.......#
#......).#...
#.......#####).(.....#
##
#....................#
#.......#..#....!...##
#.......#......#...##
#........#.....#####
#.........g(...#
#.......#g##...#
###.####@.##........
###.####.###..g....#
...............###.#
##............# #
#......####....
#.#....# ###... ###..
#....# ##.. ....#
#....# ....##
#....##### .....


You could see 2 gnolls.

Vanquished Creatures
  A gnoll (D:2)
  An adder (D:2)
  A dart slug (D:1)
  3 ball pythons (D:1)
  4 bats
  2 endoplasms (D:1)
  3 giant cockroaches (D:1)
  2 goblins
  A hobgoblin (D:1)
  3 jackals (D:2)
  2 quokkas
  2 frilled lizards
  6 kobolds
  2 rats (D:1)
33 creatures vanquished.

Notes
Turn   | Place    | Note
-------+----------+-------------------------------------------
     0 | D:1      | petercordia7 the Mummy Brigand began the quest for the Orb.
     0 | D:1      | Reached XP level 1. HP: 16/16 MP: 1/1
   274 | D:1      | Reached skill level 1 in Dodging
   279 | D:1      | Reached XP level 2. HP: 17/22 MP: 2/2
  1470 | D:2      | Gained mutation: You are in touch with the powers of death.
                  | [Mummy growth]
  1470 | D:2      | Reached XP level 3. HP: 28/28 MP: 3/3
  1751 | D:2      | HP: 1/28 [gnoll/+0 club (3)]
  1756 | D:2      | Slain by a gnoll

Illustrated notes

Levels and vault maps discovered:
D:1:      minmay_arrival_split_and_join, layout_basic,
          chequers_serial_rivers_large_b
D:2:      layout_rooms, serial_shops, nicolae_shop_overgrown_old_shop

Skill      XL: |  1  2 |
---------------+-------+-----
Dodging        | 1 |  1.4
Short Blades   | 2 |  2.3
Throwing       | 2 |  2.0
Fighting       | |  2.5
Stealth        | |  3.2

Action                   || total
-------------------------++-------
Melee: Dagger            ||   123
Throw: Dart              ||     5
 Stab: Sleeping          ||     3
Armor: Robe              ||    39
Dodge: Dodged            ||    86

Table legend: (Time is in decaauts)
 A = Elapsed time spent in this place.
 B = Non-inter-level travel time spent in this place.
 C = Inter-level travel time spent in this place.
 D = Time resting spent in this place.
 E = Time spent auto-exploring this place.
 F = Levels seen in this place.
 G = Mean time per level.
                   A        B        C        D        E       F      G
               +--------+--------+--------+--------+--------+-----+--------+
         Total |   1770 |   1682 |     88 |      0 |   1451 |   2 |  885.0 |
       Dungeon |   1770 |   1682 |     88 |      0 |   1451 |   2 |  885.0 |
               +--------+--------+--------+--------+--------+-----+--------+

Top non-repeatable levels by time:
     D:1: 1454 daAuts
     D:2: 315 daAuts
